Map: Ultralove

Players

sitaska

  • Race: Zerg Zerg
  • League: Diamond
  • Spawn Location: 1:00

delfin - Winner!

  • Race: Terran Terran
  • League: Diamond
  • Spawn Location: 7:00

VOD

Have the link to the VOD?

Description

Time

  • Played on: June 18, 2025, 4:07 p.m.
  • Length: 15:22
Show
View Real Time Build Order
Export as new Build Order

sitaska Zerg 

Build Orders: Pool First 

Get SALT Encoding   

  12  0:01  Drone  
  13  0:12  Overlord  
  13  0:17  Drone  
  14  0:31  Drone x2  
  14  0:35  Drone  
  17  1:08  Drone x3, Spawning Pool  
  17  1:10  Extractor  
  18  1:13  Extractor  
  17  1:29  Drone  
  17  1:32  Hatchery  
  18  1:34  Drone  
  19  1:43  Overlord  
  19  1:55  Drone  
  19  1:56  Queen  
  22  2:06  Zergling x2  
  23  2:13  Zergling x2  
  24  2:20  Metabolic Boost  
  24  2:27  Drone, Roach Warren  
  24  2:31  Queen  
  26  2:46  Hatchery  
  25  2:56  Queen  
  27  3:06  Drone x3  
  27  3:11  Drone  
  27  3:12  Drone  
  32  3:22  Lair  
  32  3:25  Drone  
  32  3:42  Drone x4  
  32  3:46  Extractor, Drone  
  32  3:48  Overlord  
  36  4:01  Spore Crawler  
  35  4:03  Spore Crawler  
  35  4:04  Drone x2, Spore Crawler  
  35  4:08  Overlord  
  35  4:14  Drone x3  
  38  4:20  Drone x2  
  38  4:21  Drone  
  38  4:24  Zergling x2  
  42  4:26  Zergling x2  
  43  4:33  Glial Reconstitution  
  43  4:35  Overlord  
  43  4:53  Pneumatized Carapace  
  43  4:56  Roach  
  43  4:57  Roach x5  
  55  5:10  Extractor  
  55  5:11  Extractor  
  55  5:12  Extractor, Drone x3  
  55  5:13  Extractor, Drone x3  
  57  5:17  Spore Crawler  
  57  5:18  Spore Crawler  
  57  5:21  Overseer  
  55  5:25  Overseer  
  55  5:30  Drone x3  
  55  5:34  Overlord  
  58  5:53  Burrow  
  56  6:09  Drone x3  
  56  6:10  Drone x4, Spire  
  56  6:11  Drone x3  
  65  6:28  Overseer  
  65  6:33  Overlord x3  
  61  6:59  Roach x11  
  61  7:00  Roach  
  81  7:23  Mutalisk x4  
  89  7:32  Ravager  
  89  7:34  Overlord x5  
  90  7:41  Overseer  
  90  7:46  Zerg Flyer Weapons Level 1  
  90  7:54  Mutalisk x4  
  98  8:15  Mutalisk x5  
  108  8:25  Mutalisk x3  
  114  8:34  Mutalisk x2  
  118  8:43  Zergling x2  
  118  8:44  Zergling x6  
  106  9:24  Roach x14  
  100  9:31  Roach  
  106  9:35  Drone  
  106  9:36  Drone x5  
  112  9:41  Drone  
  113  9:59  Corruptor  
  113  10:00  Corruptor x2  
  113  10:04  Zerg Flyer Weapons Level 2  
  119  10:13  Ravager x3  
  122  10:15  Overlord  
  122  10:16  Overlord x2  
  120  10:24  Drone  
  120  10:25  Drone  
  120  10:27  Spire  
  121  10:28  Overlord  
  121  10:42  Drone x2  
  123  10:43  Drone  
  123  10:49  Hatchery  
  121  10:51  Evolution Chamber  
  121  10:52  Evolution Chamber  
  121  10:55  Extractor  
  118  10:57  Drone  
  118  10:59  Extractor  
  118  11:00  Drone x5  
  118  11:02  Overlord  
  123  11:12  Roach x4  
  123  11:14  Ravager x3  
  134  11:21  Roach x2  
  138  11:27  Corruptor x2  
  142  11:35  Roach  
  142  11:36  Roach x2  
  142  11:38  Overlord  
  148  11:40  Zerg Flyer Armor Level 1  
  148  11:58  Zerg Ground Armor Level 1, Zerg Missile Weapons Level 1  
  148  11:59  Drone  
  148  12:00  Drone x4  
  153  12:02  Infestation Pit  
  153  12:04  Queen  
  153  12:05  Drone  
  153  12:06  Drone  
  153  12:07  Drone  
  157  12:08  Drone  
  148  12:38  Corruptor x7  
  159  12:47  Overlord x3  
  159  12:48  Overlord x2  
  159  12:56  Drone  
  159  12:58  Overlord x2  
  160  13:05  Hive  
  160  13:10  Drone x3  
  160  13:11  Drone x2  
  165  13:23  Spore Crawler x2  
  155  13:35  Corruptor  
  155  13:36  Corruptor x5  
  165  13:47  Ravager  
  165  13:48  Ravager x17  
  167  13:58  Roach  
  167  13:59  Roach x5  
  60  14:34  Roach  
  60  14:35  Roach x11  
  76  14:48  Drone x16  
  76  14:51  Roach x3  
  79  15:01  Drone x2  
Show
View Real Time Build Order
Export as new Build Order

delfin Terran - Winner!

Build Orders: Command Center First 

Get SALT Encoding   

  12  0:00  SCV  
  13  0:12  SCV  
  14  0:18  Supply Depot  
  14  0:24  SCV  
  15  0:39  SCV  
  15  0:41  Engineering Bay  
  16  0:52  SCV  
  17  1:03  Engineering Bay  
  17  1:04  SCV  
  18  1:16  SCV  
  18  1:33  Refinery  
  18  1:34  SCV, Refinery  
  18  1:36  Command Center  
  19  1:46  SCV  
  20  1:58  SCV  
  20  2:00  Engineering Bay  
  21  2:07  Barracks  
  21  2:10  SCV  
  22  2:23  SCV  
  23  2:44  Supply Depot  
  23  2:49  Planetary Fortress  
  23  2:55  Supply Depot  
  24  2:59  Orbital Command  
  23  3:06  Factory  
  23  3:24  SCV  
  24  3:35  Command Center  
  24  3:36  SCV  
  24  3:40  SCV  
  27  3:48  SCV  
  27  3:56  Command Center  
  27  3:58  SCV  
  28  4:05  Starport  
  28  4:07  SCV  
  28  4:08  Factory Tech Lab  
  29  4:12  SCV  
  30  4:19  SCV  
  30  4:20  Refinery  
  32  4:24  SCV, Refinery  
  32  4:31  SCV, Marine  
  33  4:37  Widow Mine  
  36  4:45  SCV x2  
  38  4:50  SCV  
  39  4:54  Banshee  
  39  4:57  SCV x2  
  44  5:00  Widow Mine  
  44  5:02  SCV  
  47  5:09  SCV x2  
  49  5:22  SCV x2  
  49  5:26  Hi-Sec Auto Tracking  
  52  5:34  SCV  
  52  5:37  SCV, Viking  
  55  5:46  SCV  
  55  5:49  Widow Mine  
  58  5:54  Factory  
  58  5:59  Factory  
  58  6:04  Missile Turret  
  58  6:10  Armory  
  58  6:12  SCV x2, Armory  
  58  6:13  Factory Tech Lab  
  60  6:24  SCV x2  
  62  6:31  SCV  
  63  6:33  Raven  
  63  6:36  SCV x2  
  63  6:37  Starport  
  67  6:40  Starport  
  67  6:43  SCV  
  67  6:44  Factory Reactor x2  
  68  6:48  SCV  
  69  6:55  SCV x2  
  69  6:56  Starport  
  69  6:58  Refinery  
  69  6:59  Refinery  
  69  7:00  SCV  
  72  7:07  SCV x2  
  72  7:08  Terran Vehicle Weapons Level 1  
  74  7:10  Terran Vehicle And Ship Armor Level 1  
  74  7:13  SCV  
  75  7:19  Starport Tech Lab x2  
  75  7:20  SCV  
  75  7:21  SCV  
  78  7:27  Planetary Fortress  
  77  7:30  SCV  
  77  7:32  SCV  
  77  7:33  Starport Tech Lab  
  81  7:37  Widow Mine  
  81  7:38  Widow Mine  
  81  7:41  Supply Depot  
  81  7:42  Supply Depot  
  81  7:43  Supply Depot  
  83  7:44  Infernal Pre-Igniter  
  83  7:45  Supply Depot  
  83  7:46  SCV  
  84  7:56  Refinery, Planetary Fortress  
  84  7:57  Refinery  
  84  8:03  SCV x2, Widow Mine  
  84  8:04  Neosteel Armor  
  84  8:05  SCV  
  87  8:15  SCV x2  
  87  8:17  SCV  
  90  8:20  Missile Turret  
  90  8:21  Missile Turret  
  90  8:22  Missile Turret  
  90  8:24  Missile Turret  
  90  8:25  Missile Turret x2  
  90  8:26  Missile Turret x2  
  85  8:27  SCV, Missile Turret  
  85  8:29  Missile Turret  
  85  8:30  Missile Turret  
  85  8:32  Missile Turret x2  
  83  8:35  Missile Turret  
  81  8:43  Raven x2  
  81  8:44  Raven x2  
  81  8:45  Widow Mine x4  
  96  8:55  Command Center  
  96  8:58  Hellion  
  96  9:02  Drilling Claws  
  96  9:06  Hellion x2  
  98  9:30  SCV x2  
  98  9:31  SCV  
  101  9:44  Terran Vehicle Weapons Level 2  
  101  9:51  Supply Depot  
  101  9:52  Supply Depot  
  101  9:53  Supply Depot  
  101  10:07  SCV, Hellion x4, Raven x3  
  101  10:09  Command Center  
  101  10:13  Command Center, Hellion, Raven  
  120  10:28  SCV  
  120  10:29  SCV x2  
  123  10:37  Terran Vehicle And Ship Armor Level 2  
  123  10:41  Raven x2  
  127  10:46  Raven  
  127  10:47  Hellion x3, Raven  
  127  10:48  Hellion  
  127  10:49  SCV  
  140  11:01  Planetary Fortress  
  140  11:09  Refinery  
  140  11:16  Command Center  
  140  11:20  Supply Depot  
  140  11:21  SCV x3, Hellion x2, Raven x2  
  140  11:22  Supply Depot  
  140  11:23  Raven x2  
  155  11:27  Supply Depot  
  155  11:33  SCV x3  
  155  11:39  Orbital Command  
  156  11:45  SCV x3  
  153  11:49  Missile Turret  
  153  11:50  Missile Turret  
  153  11:51  Widow Mine  
  153  11:52  Hellion x2, Widow Mine  
  153  11:55  Raven  
  153  11:57  SCV x3  
  158  12:03  Missile Turret x2  
  158  12:05  Missile Turret  
  158  12:06  Missile Turret, Raven  
  158  12:07  Hellion  
  162  12:16  Hellion x6  
  162  12:25  Missile Turret  
  158  12:56  Planetary Fortress  
  158  12:57  SCV x2  
  160  12:59  Raven x4  
  160  13:04  Hellion  
  160  13:05  Hellion x4  
  178  13:16  Missile Turret  
  178  13:19  Missile Turret  
  178  13:20  Missile Turret  
  178  13:21  Missile Turret  
  178  13:25  Refinery x2  
  178  13:26  Hellion  
  180  13:33  Raven x2  
  180  13:34  Raven x2  
  188  13:36  Missile Turret  
  188  13:39  Hellion x2  
  188  13:40  Hellion x2  
  196  13:47  Hellion  
  198  14:01  Hellion  
  200  14:09  Orbital Command  
  198  14:10  Supply Depot  
  198  14:13  Supply Depot  
  170  14:46  Missile Turret  
Tags
 
Add a new tag
Caveats
  • Supply blocks, unpowered buildings, or Contaminate may cause inaccurate times.
  • Supply counts are checked every 10 seconds.